Map: Corrosion EC

Players

HoldTheDoor - Winner!

  • Race: Protoss Protoss
  • League: Diamond
  • Spawn Location: 5:00

Forcas

  • Race: Terran Terran
  • League: Diamond
  • Spawn Location: 11:00

VOD

Have the link to the VOD?

Description

Time

  • Played on: July 12, 2018, 9:54 a.m.
  • Length: 4:34
Show
View Real Time Build Order
Export as new Build Order

HoldTheDoor Protoss - Winner!

Build Orders:  

Get SALT Encoding   

  12  0:00  Probe  
  13  0:13  Probe  
  14  0:18  Pylon  
  14  0:25  Probe  
  15  0:35  Probe  
  15  0:36  Gateway  
  16  0:43  Probe  
  16  0:46  Assimilator  
  17  0:56  Probe  
  18  1:07  Assimilator  
  18  1:08  Probe  
  19  1:17  Gateway  
  19  1:20  Probe  
  20  1:28  Cybernetics Core  
  20  1:32  Probe  
  21  1:44  Probe  
  22  1:48  Pylon  
  22  1:57  Probe  
  23  2:06  Stalker x2  
  23  2:08  Warp Gate  
  27  2:10  Probe  
  28  2:16  Pylon  
  29  2:22  Probe  
  29  2:36  Stalker x2, Probe  
  34  2:48  Probe  
  35  2:51  Robotics Facility  
  35  3:00  Probe  
  36  3:12  Probe  
  37  4:28  Pylon  
  37  4:30  Pylon  
Show
View Real Time Build Order
Export as new Build Order

Forcas Terran 

Build Orders: Reaper Expand 

Get SALT Encoding   

  12  0:00  SCV  
  13  0:12  SCV  
  14  0:17  Supply Depot  
  14  0:25  SCV  
  15  0:38  SCV  
  15  0:40  Barracks  
  16  0:47  Refinery  
  16  0:50  SCV  
  17  1:02  SCV  
  18  1:15  SCV  
  19  1:30  Reaper  
  20  1:33  Orbital Command  
  20  1:44  Command Center  
  20  1:54  Barracks  
  20  2:01  SCV  
  20  2:08  Supply Depot  
  21  2:18  Barracks Reactor  
  21  2:19  SCV  
  22  2:31  SCV  
  22  2:35  Refinery  
  23  2:45  SCV  
  23  2:48  Barracks Tech Lab  
  24  3:01  SCV, Orbital Command  
  24  3:02  Marine  
  24  3:03  Marine  
  27  3:07  Bunker  
  27  3:08  Marine  
  28  3:20  Marine  
  28  3:25  Marine  
  29  3:33  Marine  
  27  3:43  Marine  
  28  3:50  Bunker  
  28  3:55  Marine  
  29  3:56  Marauder  
  28  4:07  Marine  
  25  4:13  Marine  
  26  4:18  Bunker  
  26  4:23  Supply Depot  
  26  4:24  Supply Depot  
  26  4:25  Supply Depot  
  26  4:26  Supply Depot  
Tags
 
Add a new tag
Caveats
  • Supply blocks, unpowered buildings, or Contaminate may cause inaccurate times.
  • Supply counts are checked every 10 seconds.